 Dungeon Crawl Stone Soup version 0.31-a0-986-g5e6e4ef867 (webtiles) character file.

Game seed: 6458406550960721738

43 Fodor the Trooper (level 3, -5/33 HPs)
             Began as a Minotaur Fighter on Nov 8, 2023.
             Slain by Sigmund
             ... wielding a +0 scythe
              (7 damage)
             ... on level 2 of the Dungeon on Nov 9, 2023.
             The game lasted 00:05:34 (1015 turns).

Fodor the Trooper (Minotaur Fighter)                Turns: 1015, Time: 00:05:34

Health: -5/33      AC:  8    Str: 22    XL:     3   Next: 37%
Magic:  2/2        EV:  9    Int:  5    God:
Gold:   49         SH:  4    Dex:  9    Spells: 2/2 levels left

rFire   . . .        a - +0 war axe
rCold   . . .        c - +0 buckler
rNeg    . . .        b - +0 scale mail
rPois   .            (helmet restricted)
rElec   .            (no cloak)
rCorr   .            h - +0 pair of gloves
SInv    .            (no boots)
Will    .....        (no amulet) Stlth
                     (no ring)
HPRegen 0.25/turn    (no ring)
MPRegen 0.08/turn

%: no passive effects
@: no status effects
A: horns 2, retaliatory headbutt
a: no special abilities


You were on level 2 of the Dungeon.
You visited 1 branch of the dungeon, and saw 2 of its levels.

You collected 49 gold pieces.

Inventory:

Hand Weapons
 a - a +0 war axe (weapon)
Armour
 b - a +0 scale mail (worn)
 c - a +0 buckler (worn)
 h - a +0 pair of gloves (worn)
Scrolls
 g - a scroll of teleportation {unknown}
 i - a scroll of fog {unknown}
 j - a scroll of identify {unknown}
Potions
 d - a potion of might
 k - a potion of attraction {unknown}


   Skills:
 + Level 4.1 Fighting
 + Level 3.2 Axes
 + Level 3.9 Armour
 + Level 0.6 Dodging
 + Level 4.1 Shields


You had 2 spell levels left.
You didn't know any spells.
Your spell library contained the following spells:

 Spells                   Type           Power      Damage    Failure   Level
 Tukima's Dance           Hex            0%         N/A       99%         3
 Dimensional Bullseye     Hex/Tloc       0%         N/A       100%        4
 Iskenderun's Mystic Bla  Conj/Tloc      0%         2d3       100%        4


Dungeon Overview and Level Annotations

Branches:
Dungeon (2/15)

Altars:

Annotations:
D:2 Sigmund


Innate Abilities, Weirdness & Mutations

You have a pair of horns on your head.
You reflexively headbutt those who attack you in melee.


Message History

Unknown command.
Unknown command.
It was a potion of invisibility.
You fade into invisibility!
Something hits you but does no damage.
Unknown command.
It was a potion of heal wounds.
You feel much better. Something hits you but does no damage.
You closely miss something. You closely miss something.
Your headbutt misses something. Something hits you but does no damage.
You miss something. Something hits you but does no damage.
You closely miss something. Something hits you!
You miss something.
You hear some strange, mumbled words.
You are confused.
Something hits you.
There is a stone staircase leading up here.
You're too confused to move!
You flicker for a moment.
Found 11 gold pieces.
You feel less confused. Something hits you but does no damage.
You flicker back into view.
Something hits you but does no damage.
There is a stone staircase leading up here.
You hear some strange, mumbled words.
A puff of flame appears from out of thin air!
The puff of flame hits you.
You see here 6 stones.
Something hits you.
* * * LOW HITPOINT WARNING * * *
You see here 6 stones.
You barely miss something. You headbutt something!
You hear some strange, mumbled words.
A puff of flame appears from out of thin air!
The puff of flame hits you.
* * * LOW HITPOINT WARNING * * *
You barely miss something. Something hits you!
You die...

... .## # .. ...
. ##. .. ..#.
#...#. ... #...#.
##.# #.#...###..#
#.......).#
##?###....#######
##.##.@{.........
#...).#..........
#.#####...<......
# #..........
#.........$
#..........
#..........
#..........
##########


There were no monsters in sight!

Vanquished Creatures
  A dart slug (D:1)
  4 endoplasms (D:1)
  3 giant cockroaches (D:1)
  5 hobgoblins (D:1)
  4 kobolds (D:1)
  3 ball pythons (D:1)
  5 bats
  7 goblins
  5 rats (D:1)
37 creatures vanquished.

Notes
Turn   | Place    | Note
-------+----------+-------------------------------------------
     0 | D:1      | Fodor the Minotaur Fighter began the quest for the Orb.
     0 | D:1      | Reached XP level 1. HP: 19/19 MP: 0/0
   184 | D:1      | Reached XP level 2. HP: 27/27 MP: 1/1
   617 | D:1      | Reached XP level 3. HP: 33/33 MP: 2/2
   955 | D:2      | Noticed Sigmund
   993 | D:2      | HP: 1/33 [something (5)]
  1015 | D:2      | Slain by Sigmund

Illustrated notes

Levels and vault maps discovered:
D:1:      sevenhm_arrival_forest_fort_large_4, layout_basic,
          minmay_misc_feat_rows
D:2:      layout_rooms, minmay_liquid_box, uniq_crazy_yiuf_cottage, uniq_sigmund

Skill      XL: |  1  2 |
---------------+-------+-----
Fighting       | 4 |  4.1
Axes           | 3 |  3.2
Shields        | 4 |  4.1
Armour         | |  3.9
Dodging        | |  0.6

Action                     || total
---------------------------++-------
  Melee: War axe           ||    83
         Headbutt          ||     5
    Use: Potion            ||     2
 Armour: Scale mail        ||    81
  Dodge: Dodged            ||    45
  Block: Buckler           ||    15

Table legend: (Time is in decaauts)
 A = Elapsed time spent in this place.
 B = Non-inter-level travel time spent in this place.
 C = Inter-level travel time spent in this place.
 D = Time resting spent in this place.
 E = Time spent auto-exploring this place.
 F = Levels seen in this place.
 G = Mean time per level.
                   A        B        C        D        E       F      G
               +--------+--------+--------+--------+--------+-----+--------+
         Total |   1046 |    983 |     63 |      0 |      0 |   2 |  523.0 |
       Dungeon |   1046 |    983 |     63 |      0 |      0 |   2 |  523.0 |
               +--------+--------+--------+--------+--------+-----+--------+

Top non-repeatable levels by time:
     D:1: 978 daAuts
     D:2: 67 daAuts
